 Dungeon Crawl Stone Soup version 0.31-a0-986-g5e6e4ef867 (webtiles) character file.

Game seed: 10340719123602325575

93 sammy202020 the Changeling (level 4, -3/34 HPs)
             Began as a Merfolk Shapeshifter on Nov 17, 2023.
             Slain by Crazy Yiuf
             ... wielding a +3 quarterstaff of chaos
              (14 damage)
             ... on level 2 of the Dungeon.
             The game lasted 00:02:08 (1072 turns).

sammy202020 the Changeling (Merfolk Shapeshifter)   Turns: 1072, Time: 00:02:09

Health: -3/34      AC:  6    Str: 14    XL:     4   Next: 62%
Magic:  4/4        EV: 10    Int: 11    God:
Gold:   59         SH:  0    Dex: 13    Spells: 3/3 levels left

rFire   + .          .
                       - Unarmed
rCold   . . .        (no shield)
rNeg    . . .        p - +0 scale mail
rPois   .            (helmet currently unavailable)
rElec   .            (cloak currently unavailable)
rCorr   .            (gloves currently unavailable)
SInv    .            (boots currently unavailable)
Will    .....        (no amulet) Stlth
                     o - ring of protection from fire
HPRegen 0.25/turn    (no ring)
MPRegen 0.09/turn

%: no passive effects
@: beast-form
A: beast (slay +2), (nimble swimmer 2), mertail
a: Begin Untransformation


You were on level 2 of the Dungeon.
You were a hulking beast.
You visited 1 branch of the dungeon, and saw 2 of its levels.

You collected 59 gold pieces.

Inventory:

Armour
 a - a +0 animal skin
 p - a +0 scale mail (worn)
Jewellery
 o - a ring of protection from fire (left hand)
Talismans
 c - a beast talisman
 d - a flux talisman
Scrolls
 e - a scroll of enchant armour {unknown}
 f - a scroll of teleportation {unknown}
 g - a scroll of enchant weapon {unknown}
 h - a scroll of amnesia {unknown}
 i - a scroll of fog {unknown}
 j - 3 scrolls of identify {unknown}
 k - 2 scrolls of noise {unknown}
 m - a scroll of immolation {unknown}
 n - a scroll of vulnerability {unknown}
 r - a scroll of poison {unknown}
Potions
 b - a potion of lignification
 l - a potion of heal wounds {unknown}
 q - a potion of enlightenment {unknown}
 s - a potion of attraction {unknown}
 t - a potion of degeneration {unknown}


   Skills:
 * Level 2.5 Fighting
 + Level 0.7 Armour
 + Level 3.4 Dodging
 * Level 3.9 Unarmed Combat
 * Level 4.7 Shapeshifting


You had 3 spell levels left.
You didn't know any spells.
Your spell library contained the following spells:

 Spells                   Type           Power      Damage    Failure   Level
 Foxfire                  Conj/Fire      0%         2x1d4     83%         1
 Plasma Beam              Fire/Air       0%         2x1d10    100%        6
 Starburst                Conj/Fire      0%         6d3       100%        6


Dungeon Overview and Level Annotations

Branches:
Dungeon (2/15)

Altars:

Annotations:
D:2 Crazy Yiuf


Innate Abilities, Weirdness & Mutations

You are a hulking beast.
Your limbs bulge with bestial killing power. (Slay +2)
((You are very nimble when in or above water. (Stealth+, EV+, Speed+++)))
Your lower body shifts to a powerful aquatic tail in water.


Message History

The bat is heavily wounded.
The bat barely misses you. The bat closely misses you.
You closely miss the bat.
The bat is heavily wounded.
The bat hits you but does no damage. The bat completely misses you.
You hit the bat.
You kill the bat!
No target in view!
No target in view!
No target in view!
No target in view!
No target in view!
No target in view!
No target in view!
No target in view!
No target in view!
No target in view!
You see here a bat corpse.
t - a lumpy golden potion
j - 3 scrolls labelled CAGRAM VOIRCH (gained 1)
Found a hammer.
Found a runed translucent door.
Crazy Yiuf shouts!
Crazy Yiuf cries, "Sif Muna seventy rumpyflump!"
Crazy Yiuf waves his quarterstaff at you.
Could not explore, unopened runed door.
No reachable target in view!
No reachable target in view!
No reachable target in view!
No reachable target in view!
You open the door.
Okay, then.
You hit Crazy Yiuf.
Crazy Yiuf is lightly wounded.
Crazy Yiuf hits you with a +3 quarterstaff of chaos.
You are electrocuted!!
Ouch! That really hurt!
You hit Crazy Yiuf.
Crazy Yiuf is lightly wounded.
Crazy Yiuf hits you with a +3 quarterstaff of chaos!
You die...

#.....<.#
#.<)...##
#..)...#
#......#
#####
#......#
#..)#
#####.##
#...# #.#
... #.#
#g# #†#
♣♣h♣ #.#
♣.♣♣ #.#
♣♣.♣ #.##
♣.♣♣ #..#
♣♣.♣♣ ##.#
♣...♣♣ #.#
♣....♣ #.#
##..##
#.###....#


You could see Crazy Yiuf.

Vanquished Creatures
  Jessica (D:2)
  Terence (D:2)
  An adder (D:2)
  2 dart slugs (D:1)
  3 ball pythons (D:1)
  5 endoplasms
  2 giant cockroaches (D:2)
  A hobgoblin (D:1)
  2 jackals (D:2)
  2 quokkas (D:2)
  2 bats (D:2)
  4 goblins (D:2)
  2 kobolds (D:2)
  2 rats (D:1)
30 creatures vanquished.

Notes
Turn   | Place    | Note
-------+----------+-------------------------------------------
     0 | D:1      | sammy202020 the Merfolk Shapeshifter began the quest for
                  | the Orb.
     0 | D:1      | Reached XP level 1. HP: 15/15 MP: 1/1
   210 | D:1      | Reached XP level 2. HP: 21/21 MP: 2/2
   619 | D:2      | Noticed Jessica
   626 | D:2      | Killed Jessica
   627 | D:2      | Reached XP level 3. HP: 22/27 MP: 3/3
   739 | D:2      | Noticed Terence
   745 | D:2      | Killed Terence
   746 | D:2      | Reached XP level 4. HP: 30/34 MP: 4/4
  1066 | D:2      | Found a runed translucent door.
  1067 | D:2      | Noticed Crazy Yiuf
  1072 | D:2      | Slain by Crazy Yiuf

Illustrated notes

Levels and vault maps discovered:
D:1:      lightli_arrival_isolated_outpost, layout_rooms
D:2:      layout_basic, uniq_jessica, uniq_crazy_yiuf_cottage, uniq_terence

Skill      XL: |  1  2 |
---------------+-------+-----
Fighting       | 2 |  2.5
Dodging        | 3 |  3.4
Armour         | |  0.7
Unarmed Combat | |  3.9
Shapeshifting  | |  4.7

Action                     |  1- 3 |  4- 6 || total
---------------------------+-------+-------++-------
  Melee: Unarmed           |    60 |    33 ||    93
   Stab: Sleeping          |     1 |       ||     1
 Armour: Animal skin       |    10 |       ||    10
         Leather armour    |    15 |       ||    15
         Scale mail        |       |    19 ||    19
  Dodge: Dodged            |    29 |    14 ||    43

Table legend: (Time is in decaauts)
 A = Elapsed time spent in this place.
 B = Non-inter-level travel time spent in this place.
 C = Inter-level travel time spent in this place.
 D = Time resting spent in this place.
 E = Time spent auto-exploring this place.
 F = Levels seen in this place.
 G = Mean time per level.
                   A        B        C        D        E       F      G
               +--------+--------+--------+--------+--------+-----+--------+
         Total |   1060 |   1030 |     30 |      0 |    736 |   2 |  530.0 |
       Dungeon |   1060 |   1030 |     30 |      0 |    736 |   2 |  530.0 |
               +--------+--------+--------+--------+--------+-----+--------+

Top non-repeatable levels by time:
     D:1: 572 daAuts
     D:2: 487 daAuts
